 Dungeon Crawl Stone Soup version 0.17.1-1-g73c8601 (webtiles) character file.

1976 Implojin the Grappler (level 9, -5/80 HPs)
             Began as a Troll Fighter on Apr 4, 2016.
             Was an Initiate of Okawaru.
             Killed from afar by a spiny frog (45 damage)
             ... with an exploding inner flame
             ... hexed by the player character
             ... on level 8 of the Dungeon.
             The game lasted 00:14:19 (2228 turns).

Implojin the Grappler (Troll Fighter)               Turns: 2228, Time: 00:14:19

Health: -5/80      AC:  6    Str: 26    XL:     9   Next: 0%
Magic:  8/8        EV:  6    Int: 11    God:    Okawaru [......]
Gold:   1146       SH: 15    Dex: 17    Spells: 0 memorised, 8 levels left

rFire  . . .     SeeInvis +       - Unarmed
rCold  . . .     Clarity  .     u - +1 robe "Quyt" {Dex+5}
rNeg   + . .     SustAt   +     j - +0 large shield
rPois  .         Gourm    +     (helmet restricted)
rElec  .         Spirit   .     (no cloak)
rCorr  .         Warding  .     (gloves unavailable)
rMut   .         Stasis   .     (boots unavailable)
MR     .....                    E - amulet of Wepnehab {+Rage rN+ Int+7 SInv}
Stlth  ++........               z - ring of sustain attributes
                                b - ring of see invisible

@: lethally poisoned (-5 -> -8), not resistant to hostile enchantments,
unstealthy
A: unfitting armour, claws 3, fast metabolism 3, gourmand, regeneration 2,
shaggy fur 1, tough skin 2
a: Renounce Religion, Evoke Berserk Rage


You were on level 8 of the Dungeon.
You worshipped Okawaru.
Okawaru was noncommittal.
You were very full.

You visited 2 branches of the dungeon, and saw 11 of its levels.
You also visited: Trove.

You collected 1146 gold pieces.

Inventory:

Missiles
 c - 4 javelins of penetration (quivered)
Armour
 a - a +0 robe
 j - a +0 large shield (worn)
 u - the +1 robe "Quyt" (worn) {Dex+5}
   (You found it on level 5 of the Dungeon)

   It affects your dexterity (+5).
 v - a +2 robe of fire resistance
Jewellery
 b - a ring of see invisible (left claw)
 l - an uncursed ring of loudness
 o - an uncursed ring of stealth
 z - a ring of sustain attributes (right claw)
 E - the amulet of Wepnehab (around neck) {+Rage rN+ Int+7 SInv}
   (You found it in a treasure trove)

   [amulet of rage]

   It affects your intelligence (+7).
   It protects you from negative energy.
   It lets you see invisible.
   It lets you go berserk.
Wands
 y - a wand of disintegration (11)
 D - a wand of enslavement (6)
 F - a wand of cold (2)
Scrolls
 g - a scroll of magic mapping
 s - a scroll of random uselessness
 x - 3 scrolls of enchant weapon
 B - a scroll of recharging
Potions
 e - 2 potions of degeneration
 k - 3 potions of heal wounds
 n - a potion of ambrosia
 p - 2 potions of mutation
 q - a potion of cancellation
 r - a potion of flight {unknown}
 t - a potion of berserk rage {unknown}
 w - a potion of resistance {unknown}
 A - a potion of haste {unknown}
Comestibles
 d - 5 bread rations
 f - 2 fruits
 h - 4 meat rations


   Skills:
 - Level 2.4 Fighting
 - Level 2.4 Dodging
 - Level 2.4 Shields
 * Level 11.7 Unarmed Combat


You had 8 spell levels left.
You didn't know any spells.

Dungeon Overview and Level Annotations

Branches:
Dungeon (10/15)              Lair (1/8) D:8
 Temple: D:4-7          Orc: D:9-12

Altars:
Fedhas
Okawaru
Qazlal
Sif Muna
Trog

Shops:
D:7 [


Innate Abilities, Weirdness & Mutations

You are too large for most types of armour.
You have claws for hands.
Your metabolism is lightning-fast.
You like to eat raw meat.
You heal very quickly.
You are covered in fur (AC +1).
You have very tough skin (AC +2).


Message History

Press: ? - help, Shift-Dir - straight line, f/p - spiny frog
Aim: a spiny frog (lightly wounded, inner flame)
You throw a javelin of penetration.
The javelin of penetration closely misses the spiny frog.
Throwing (i - inventory):
c - 5 javelins of penetration (quivered)
Press: ? - help, Shift-Dir - straight line, f/p - spiny frog
Aim: a spiny frog (lightly wounded, inner flame)
You throw a javelin of penetration.
The javelin of penetration pierces through the spiny frog.
The spiny frog is lightly wounded.
Unknown command.
You block the spiny frog's attack.
You climb upwards.
Welcome back to the Dungeon!
There is a staircase to the Lair here.
Unknown command.
Unknown command.
You closely miss the spiny frog.
The spiny frog is lightly wounded.
You block the spiny frog's attack.
You claw the spiny frog!
The spiny frog is heavily wounded.
You block the spiny frog's attack.
You scratch the spiny frog but do no damage.
The spiny frog is heavily wounded.
You block the spiny frog's attack.
You claw the spiny frog!
The spiny frog is severely wounded.
The spiny frog stings you!!
* * * LOW HITPOINT WARNING * * *
You are poisoned.
The spiny frog poisons you!
You claw the spiny frog!
The spiny frog explodes!
The fiery explosion engulfs the fungus.
The fungus is severely damaged.
The fiery explosion engulfs the fungus.
You destroy the fungus!
The fiery explosion engulfs you!
Ouch! That really hurt!
You die...

.# .# # .##.##
.#######......# .
.......#...#.# ...
#...#.....#.#
....##PPP##...# .#
#..(PPP§..#.##.#
#...P@§§..#.##.###
#...P.PP..#......#
#...##...##.......<##
#.. #...#..........#
# .......#........#
.#######....>....# .
###.......# ##.....##
#.....#


There were no monsters in sight!

Vanquished Creatures
  Urug (D:10)
  The ghost of Implojin the Ruffian, an amateur TrFi (D:9)
  A hippogriff (D:9)
  An ogre (D:4)
  3 giant frogs
  A wyvern zombie (D:10)
  A scorpion (D:6)
  3 hounds
  2 orc wizards
  A crimson imp (D:5)
  2 centaur zombies
  3 orc priests
  A giant frog skeleton (D:7)
  3 centaur skeletons
  2 iguanas
  4 worker ants
  A hound skeleton (D:5)
  3 gnolls (D:4)
  2 adders
  2 oozes
  An adder skeleton (D:5)
  3 worms (D:4)
  3 giant geckos
  11 orcs
  A ball python (D:1)
  A bat (D:1)
  10 goblins
  2 hobgoblins
  2 jackals (D:8)
  4 kobolds
  2 quokkas
  4 giant cockroaches
  4 giant newts
  2 fungi (D:8)
88 creatures vanquished.

Notes
Turn   | Place    | Note
--------------------------------------------------------------
     0 | D:1      | Implojin the Troll Fighter began the quest for the Orb.
     0 | D:1      | Reached XP level 1. HP: 22/22 MP: 0/0
    90 | D:1      | Reached XP level 2. HP: 29/29 MP: 1/1
   152 | D:1      | Reached skill level 3 in Unarmed Combat
   306 | D:2      | Reached XP level 3. HP: 36/36 MP: 2/2
   329 | D:3      | Found a deep blue altar of Sif Muna.
   407 | D:3      | Found a bloodstained altar of Trog.
   457 | D:5      | Entered Level 5 of the Dungeon
   566 | D:5      | Reached skill level 4 in Unarmed Combat
   566 | D:5      | Reached XP level 4. HP: 12/44 MP: 3/3
   613 | D:6      | Reached skill level 5 in Unarmed Combat
   616 | D:6      | Reached XP level 5. HP: 40/50 MP: 4/4
   635 | D:6      | Noticed a giant frog
   648 | D:6      | Killed a giant frog
   648 | D:6      | Reached skill level 6 in Unarmed Combat
   648 | D:6      | Reached XP level 6. HP: 27/59 MP: 5/5
   676 | D:5      | Found a blossoming altar of Fedhas.
   710 | D:5      | Found a stormy altar of Qazlal.
   760 | D:5      | Got a crude robe
   895 | D:5      | Identified the +1 robe "Quyt" {Dex+5} (You found it on level 5 of the Dungeon)
   954 | D:6      | Noticed a giant frog
   956 | D:6      | Noticed Implojin's ghost (amateur TrFi)
   963 | D:6      | Killed a giant frog
   991 | D:5      | Reached skill level 7 in Unarmed Combat
  1073 | D:7      | Found Oloarched's Antique Armour Shoppe.
  1347 | D:4      | Noticed an ogre
  1361 | D:4      | Killed an ogre
  1361 | D:4      | Reached XP level 7. HP: 33/66 MP: 6/6
  1399 | D:4      | Reached skill level 8 in Unarmed Combat
  1471 | D:4      | Found an iron altar of Okawaru.
  1478 | D:4      | Became a worshipper of Warmaster Okawaru
  1754 | D:10     | Entered Level 10 of the Dungeon
  1777 | D:10     | Reached skill level 9 in Unarmed Combat
  1798 | D:10     | Noticed Urug
  1818 | D:10     | Killed Urug
  1818 | D:10     | Reached * piety under Okawaru
  1818 | D:10     | Reached skill level 10 in Unarmed Combat
  1818 | D:10     | Reached XP level 8. HP: 58/74 MP: 7/7
  1845 | D:9      | Killed Implojin's ghost
  1845 | D:9      | Reached skill level 11 in Unarmed Combat
  1849 | D:9      | Reached ** piety under Okawaru
  1963 | D:10     | Found a portal to a secret trove of treasure.
  1967 | Trove    | Entered a treasure trove
  1987 | Trove    | Got a slimy jade amulet
  2001 | D:10     | Identified the amulet of Wepnehab {+Rage rN+ Int+7 SInv} (You found it in a treasure trove)
  2073 | D:10     | Noticed a troll
  2160 | D:9      | Reached XP level 9. HP: 21/80 MP: 8/8
  2205 | D:8      | Found a staircase to the Lair.
  2217 | Lair:1   | Entered Level 1 of the Lair of Beasts
  2217 | Lair:1   | Noticed a spiny frog
  2228 | D:8      | Killed a spiny frog
  2228 | D:8      | Killed from afar by a spiny frog

Action                   |  1- 3 |  4- 6 |  7- 9 || total
-------------------------+-------+-------+-------++-------
Melee: Unarmed           |   136 |    78 |   120 ||   334
Throw: Javelin           |       |       |     8 ||     8
  Use: Scroll            |       |    11 |     3 ||    14
       Potion            |       |       |     2 ||     2
 Stab: Sleeping          |       |     1 |     2 ||     3
  Eat: Chunk             |     3 |     7 |    15 ||    25

Table legend:
 A = Turns spent in this place as a percentage of turns spent in the entire game.
 B = Non-inter-level travel turns spent in this place as a percentage of non-inter-level travel turns spent in the entire game.
 C = Inter-level travel turns spent in this place as a percentage of turns spent in this place.
 D = Turns resting spent in this place as a percentage of non-inter-level travel turns spent in this place.
 E = Turns spent auto-exploring this place as a percentage of non-inter-level travel turns spent in this place.
 F = Non-inter-level travel turns spent in this place divided by the number of levels of this place that you've seen.
                   A       B       C       D       E      F
               +-------+-------+-------+-------+-------+----------------------
         Total | 100.0 | 100.0 |   0.0 |   0.0 |   0.0 | 175.0
       Dungeon |  98.5 |  98.5 |   0.0 |   0.0 |   0.0 | 206.9
          Lair |   0.3 |   0.3 |   0.0 |   0.0 |   0.0 |   6.0
         Trove |   1.2 |   1.2 |   0.0 |   0.0 |   0.0 |  25.0
               +-------+-------+-------+-------+-------+----------------------

Table legend:
 A = Kills in this place as a percentage of kills in entire the game.
 B = Kills by you in this place as a percentage of kills by you in the entire game.
 C = Kills by friends in this place as a percentage of kills by friends in the entire game.
 D = Other kills in this place as a percentage of other kills in the entire game.
 E = Experience gained in this place as a percentage of experience gained in the entire game.
 F = Experience gained in this place divided by the number of levels of this place that you have seen.
                   A       B       C       D       E      F
               +-------+-------+-------+-------+-------+----------------------
         Total | 100.0 | 100.0 |  -nan |  -nan | 100.0 | 235.2
       Dungeon | 100.0 | 100.0 |  -nan |  -nan | 100.0 | 282.3
               +-------+-------+-------+-------+-------+----------------------
